[Event "Chessable Masters - Torneo preliminare"]
[White "Rustemov, Alexander"]
[Black "Iskusnyh, Sergei"]
[WhiteFideId "4119002"]
[BlackFideId "4120027"]
[WhiteElo "2494"]
[BlackElo "2345"]
[Result "1-0"]
[Round "9"]
[TimeControl "600+2"]
[Date "2023.03.13"]
[WhiteClock "0:00:21"]
[BlackClock "0:00:11"]

1. d4 d5 2. c4 c6 3. Nc3 Nf6 4. e3 Bf5 5. cxd5 cxd5 6. Qb3 Nc6 7. Qxb7 Bd7 8. Qb3 Rb8 9. Qd1 e5 10. Nge2 Bd6 11. dxe5 Nxe5 12. Nf4 g5 13. Nfxd5 Nxd5 14. Qxd5 Bc6 15. Qd4 Rb4 16. Qd1 O-O 17. b3 Qf6 18. Bb2 Rd8 19. Qc2 Bf8 20. Rd1 Rbb8 21. Rxd8 Rxd8 22. a3 Bg7 23. e4 g4 24. Be2 Qg5 25. Bc1 Qg6 26. Be3 Rc8 27. Nd5 Re8 28. Nf4 Qd6 29. O-O Qxa3 30. Nh5 Bh8 31. Bc5 Qa5 32. b4 Qd8 33. Bxa7 Qa8 34. Bd4 Bxe4 35. Qd2 Qd8 36. Rd1 Bg6 37. Nf4 Qh4 38. g3 Qe7 39. Bxe5 Bxe5 40. Bxg4 Qf6 41. Nxg6 hxg6 42. b5 Bc7 43. Kg2 Bb6 44. Bf3 Rd8 45. Qe2 Rxd1 46. Qxd1 Qb2 47. Qe2 Qd4 48. h4 Kg7 49. Bc6 Qf6 50. Qf3 Qe5 51. Bd5 Qe7 52. Qc3+ Kh7 53. Qf3 Kg7 54. Qf4 Qe1 55. Qxf7+ Kh6 56. Qf8+ 1-0


[Site "Internet"]

[Event "Chessable Masters - Torneo preliminare"]
[White "Sattarov, Bobir"]
[Black "Girya, Olga"]
[WhiteFideId "14203081"]
[BlackFideId "4195752"]
[WhiteElo "2333"]
[BlackElo "2327"]
[Result "1-0"]
[Round "9"]
[TimeControl "600+2"]
[Date "2023.03.13"]
[WhiteClock "0:08:41"]
[BlackClock "0:00:40"]

1. e4 e5 2. Nf3 Nc6 3. Nc3 Nf6 4. a3 d5 5. Bb5 Nxe4 6. Nxe5 Qf6 7. Nf3 Be6 8. O-O Bd6 9. Re1 O-O 10. Nxe4 dxe4 11. Bxc6 bxc6 12. Rxe4 Bd5 13. Re3 Bf4 14. Re1 Rfe8 15. d3 Bxf3 16. Rxe8+ Rxe8 17. gxf3 Re6 18. Bxf4 Qxf4 19. Kh1 Rh6 20. Qg1 Rg6 21. Qd1 Qf5 22. Qe2 Re6 23. Qd1 h5 24. d4 h4 25. Qd3 Qxd3 26. cxd3 h3 27. Kg1 Re2 28. b4 Rd2 29. Kf1 Rxd3 30. Rc1 Rxa3 31. Rxc6 Ra1+ 32. Ke2 Rh1 33. Rxc7 Rxh2 34. d5 Rh1 35. d6 h2 36. d7 Rd1 37. Kxd1 h1=Q+ 38. Ke2 1-0


[Site "Internet"]

[Event "Chessable Masters - Torneo preliminare"]
[White "Jonkman, Harmen"]
[Black "Kaufman, Lawrence"]
[WhiteFideId "1002708"]
[BlackFideId "2000555"]
[WhiteElo "2351"]
[BlackElo "2198"]
[Result "1-0"]
[Round "9"]
[TimeControl "600+2"]
[Date "2023.03.13"]
[WhiteClock "0:00:57"]
[BlackClock "0:00:10"]

1. d4 Nf6 2. Nf3 d5 3. Bf4 e6 4. e3 Bd6 5. Nbd2 Bxf4 6. exf4 O-O 7. Bd3 b6 8. Qe2 c5 9. c3 a5 10. Ne5 Ba6 11. h4 Bxd3 12. Qxd3 Qc7 13. h5 Nc6 14. Nxc6 Qxc6 15. Nf3 cxd4 16. Nxd4 Qc5 17. h6 g6 18. O-O Rfc8 19. f5 e5 20. Nb5 Qc4 21. Qxc4 Rxc4 22. Rae1 Ne4 23. f3 Ng3 24. Rf2 Rh4 25. Rd2 e4 26. Nc7 Rb8 27. f6 exf3 28. Nxd5 Rh1+ 29. Kf2 Rxe1 30. Kxe1 Ne4 31. Rd4 f2+ 32. Kf1 Ng3+ 33. Kxf2 Nf5 34. Ne7+ Kf8 35. Nxf5 gxf5 36. a4 Ke8 37. Rd5 Rd8 38. Rxd8+ Kxd8 39. b4 Kd7 40. bxa5 Ke6 41. a6 1-0